 Seeded DCSS version 0.31-a0-229-g1fc7ce93e2 (webtiles) character file.

Game seed: 13275427502194390118 (custom seed)

614 rocky1 the Carver (level 7, 0/50 (52) HPs)
             Began as a Merfolk Gladiator on July 7, 2023.
             Slain by an orc priest
             ... wielding a +2 short sword of draining
              (6 damage)
             ... on level 6 of the Dungeon.
             The game lasted 00:07:13 (4394 turns).

rocky1 the Carver (Merfolk Gladiator)               Turns: 4394, Time: 00:07:14

HP:   0/50 (52)     AC:  4    Str: 14    XL:     7   Next: 44%
MP:   7/7           EV: 13    Int:  8    God:
Gold: 197           SH:  0    Dex: 17    Spells: 6/6 levels left

rFire   . . .        a - +0 long sword
rCold   . . .        (no shield)
rNeg    . . .        b - +0 leather armour
rPois   .            c - +0 helmet
rElec   .            (no cloak)
rCorr   .            (no gloves)
SInv    .            (no boots)
Will    .....        (no amulet)
Stlth   +            (no ring)
HPRegen 0.28/turn    (no ring)
MPRegen 0.10/turn

%: no passive effects
@: lightly drained
A: (nimble swimmer 2), mertail
a: no special abilities


You were on level 6 of the Dungeon.
You visited 1 branch of the dungeon, and saw 7 of its levels.
You also visited: Sewer.

You collected 197 gold pieces.

Inventory:

Hand Weapons
 a - a +0 long sword (weapon)
Missiles
 d - 3 throwing nets
 e - 5 javelins
 i - 11 poisoned darts (quivered)
 j - a boomerang
 x - a curare-tipped dart
Armour
 b - a +0 leather armour (worn)
 c - a +0 helmet (worn)
Jewellery
 f - a +6 ring of strength
 u - the ring of Uvvafopo {Contam rPois Str+3 Int+6 Dex+6}
   (You took it off a gnoll on level 4 of the Dungeon)

   [ring of dexterity]

   Str:       It affects your strength (+3).
   Int:       It affects your intelligence (+6).
   Dex:       It affects your dexterity (+6).
   rPois:     It protects you from poison.
   Contam:    It causes magical contamination when unequipped.
Scrolls
 g - 2 scrolls of teleportation
 h - a scroll of silence {unknown}
 k - 2 scrolls of fear {unknown}
 m - a scroll of fog {unknown}
 t - a scroll of poison {unknown}
Potions
 l - 2 potions of degeneration {unknown}
 n - 2 potions of enlightenment {unknown}
 o - 4 potions of mutation {unknown}
 p - 3 potions of heal wounds {unknown}
 q - a potion of berserk rage {unknown}
 r - 2 potions of curing {unknown}
 s - 3 potions of resistance {unknown}
 v - 3 potions of brilliance {unknown}
 w - a potion of might {unknown}
 z - a potion of experience {unknown}


   Skills:
 + Level 3.2 Fighting
 * Level 9.5 Long Blades
 - Level 2.2 Throwing
 - Level 4.2 Dodging


You had 6 spell levels left.
You didn't know any spells.
Your spell library contained the following spells:

 Spells                   Type           Power      Damage    Failure   Level
 Ozocubu's Armour         Ice            0%         N/A       86%         3
 Metabolic Englaciation   Hex/Ice        0%         N/A       100%        5
 Simulacrum               Ice/Necr       0%         N/A       100%        6
 Ozocubu's Refrigeration  Ice            0%         4d7       100%        7
 Polar Vortex             Ice            0%         N/A       100%        9


Dungeon Overview and Level Annotations

Branches:
Dungeon (7/15)              Sewer (visited)
 Temple: D:4-7

Altars:
Fedhas
Nemelex Xobeh
The Shining One

Shops:
D:1 :==[


Innate Abilities, Weirdness & Mutations

((You are very nimble when in or above water. (Stealth+, EV+, Speed+++)))
Your lower body shifts to a powerful aquatic tail in water.


Message History

The orc priest mumbles some strange prayers to Beogh against you.
Beogh smites you! The orc attacks as you move away!
The orc hits you with a +1 mace of protection.
You hit the orc.
The orc is almost dead.
The orc hits you but does no damage.
You hit the orc but do no damage.
The orc is almost dead.
The orc misses you.
The orc priest invokes the aid of Beogh against you.
Beogh smites you!
You closely miss the orc.
The orc is almost dead.
The orc hits you with a +1 mace of protection!
* * * LOW HITPOINT WARNING * * *
You barely miss the orc.
The orc is almost dead.
The orc hits you with a +1 mace of protection.
* * * LOW HITPOINT WARNING * * *
The orc priest looks satisfied for a moment.
You barely miss the orc.
The orc is almost dead.
The orc barely misses you.
You hit the orc.
You kill the orc!
The orc priest hits you with a +2 short sword of draining.
* * * LOW HITPOINT WARNING * * *
You feel drained.
* * * LOW HITPOINT WARNING * * *
Things that are here:
a +1 mace of protection; a +0 leather armour; an orc corpse You hit the orc priest.
The orc priest is moderately wounded.
The orc priest hits you but does no damage.
You feel drained.
You barely miss the orc priest.
The orc priest is moderately wounded.
The orc priest hits you with a +2 short sword of draining.
You die...

######### #.......#
##'#####.#####
#....#.......# ###.....
#....#.#.###.#
######......##
#....#.#<..#.#
#...........'. #....#
#.).#.# #...........#
#....# #.#.#.#
#...........# #....#
#.#.#@# #...........#
#....#
#.#รท#o###...........##
#....#
#.#>...)'.............
#....#
#.#...##'.....########
#....# #.#.#..........#
##+### #.#.#..........#
#.#............
#.#..........###
#.#.$........+


You could see an orc priest.

Vanquished Creatures
  An ice beast (D:5)
  A kobold brigand (Sewer)
  2 bullfrogs (D:6)
  A hound (D:6)
  Jessica (D:2)
  Natasha (thrice) (D:2)
  3 gnolls (D:4)
  A river rat (D:4)
  6 adders
  A white imp (D:6)
  An ufetubus (D:5)
  2 worms
  A dart slug (D:2)
  4 orcs (D:6)
  11 bats
  5 endoplasms
  4 giant cockroaches
  4 goblins
  2 hobgoblins
  2 jackals (D:2)
  15 kobolds
  4 quokkas
  4 ball pythons
  2 frilled lizards
  8 rats
89 creatures vanquished.

Notes
Turn   | Place    | Note
-------+----------+-------------------------------------------
     0 | D:1      | rocky1 the Merfolk Gladiator began the quest for the Orb.
     0 | D:1      | Reached XP level 1. HP: 16/16 MP: 1/1
    10 | D:1      | Found Onlezats's Jewellery Emporium.
   288 | D:1      | Found Zyuqykanwy's Book Shop.
   399 | D:1      | Reached XP level 2. HP: 23/23 MP: 2/2
   399 | D:1      | Found Obocek's Jewellery Boutique.
   446 | D:1      | Reached skill level 4 in Long Blades
   514 | D:1      | Found Saufiugh's Armour Emporium.
   593 | D:2      | Noticed Jessica
   667 | D:2      | Killed Jessica
   668 | D:2      | Reached skill level 5 in Long Blades
   668 | D:2      | Reached XP level 3. HP: 28/28 MP: 3/3
   938 | D:2      | Noticed Natasha
   946 | D:2      | Killed Natasha
   947 | D:2      | Reached XP level 4. HP: 10/34 MP: 4/4
  1162 | D:2      | Found a faded altar of an unknown god.
  1235 | D:2      | Noticed Natasha
  1260 | D:2      | Reached skill level 6 in Long Blades
  1263 | D:2      | Killed Natasha
  1264 | D:2      | Reached XP level 5. HP: 18/39 MP: 5/5
  1275 | D:2      | Noticed Natasha
  1284 | D:2      | Killed Natasha
  1973 | D:2      | Found a glowing golden altar of the Shining One.
  2422 | D:3      | Found a sparkling altar of Nemelex Xobeh.
  2448 | D:3      | Reached skill level 7 in Long Blades
  3407 | D:4      | Identified the ring of Uvvafopo {Contam rPois Str+3 Int+6
                  | Dex+6}
  3425 | D:4      | Reached XP level 6. HP: 27/46 MP: 6/6
  3443 | D:4      | Found a blossoming altar of Fedhas.
  3456 | D:4      | Found a glowing drain.
  3474 | Sewer    | Entered a sewer
  3818 | Sewer    | Reached skill level 8 in Long Blades
  3870 | D:4      | You fall into a shaft and drop 3 floors!
  3872 | D:7      | Noticed an orc warrior
  3892 | D:6      | Noticed an ice beast
  3904 | D:6      | Reached XP level 7. HP: 40/52 MP: 7/7
  3934 | D:6      | Reached skill level 9 in Long Blades
  3941 | D:5      | Entered Level 5 of the Dungeon
  4394 | D:6      | Slain by an orc priest

Illustrated notes

Levels and vault maps discovered:
D:1:      erik_arrival_blinker_ship, layout_loops_ring, serial_shops, shop,
          shop, shop, nicolae_shop_rolling_square
D:2:      layout_rooms, ebering_ecumenical_altar_hall, basic_altar,
          uniq_natasha, uniq_jessica
D:3:      layout_loops_ring, mainiacjoe_overflow_cross_hatched
D:4:      layout_basic, fedhas_altar_2, minmay_temple_entry_ruins,
          cheibrodos_sewer_entry_sluice, grunt_ministairs_12, uniq_duvessa
D:5:      layout_gridville, mainiacjoe_overflow_catch_the_wave, serial_shops,
          shop, grunt_ministairs_4, minmay_fractal_squares_gapless_5
D:6:      layout_basic, okawaru_ov_weapons_minmay, marbit_many_paths,
          chequers_serial_rivers_small_3
D:7:      layout_cave_pools, lemuel_crystal_altar, lemuel_doored_altar,
          minmay_fire_ice_demons

Skill      XL: |  1  2  3  4  5  6  7 |
---------------+----------------------+-----
Long Blades    | 5 6 7 8 9 |  9.5
Fighting       | 3 |  3.2
Throwing       | |  2.2
Dodging        | |  4.2

Action                     |  1- 3 |  4- 6 |  7- 9 || total
---------------------------+-------+-------+-------++-------
  Melee: Long sword        |    39 |   236 |    38 ||   313
         Tailslap          |       |     7 |       ||     7
         Punch             |       |       |     1 ||     1
  Throw: Boomerang         |    16 |       |       ||    16
    Use: Scroll            |     1 |       |     1 ||     2
   Stab: Sleeping          |     1 |     6 |       ||     7
 Armour: Leather armour    |    19 |    58 |     8 ||    85
  Dodge: Dodged            |    41 |   194 |    37 ||   272

Table legend: (Time is in decaauts)
 A = Elapsed time spent in this place.
 B = Non-inter-level travel time spent in this place.
 C = Inter-level travel time spent in this place.
 D = Time resting spent in this place.
 E = Time spent auto-exploring this place.
 F = Levels seen in this place.
 G = Mean time per level.
                   A        B        C        D        E       F      G
               +--------+--------+--------+--------+--------+-----+--------+
         Total |   4375 |   4236 |    139 |   1840 |   1337 |   8 |  546.9 |
       Dungeon |   4032 |   3893 |    139 |   1786 |   1337 |   7 |  576.0 |
         Sewer |    343 |    343 |      0 |     54 |      0 |   1 |  343.0 |
               +--------+--------+--------+--------+--------+-----+--------+

Top non-repeatable levels by time:
     D:2: 1466 daAuts
     D:3: 1053 daAuts
     D:1: 778 daAuts
   Sewer: 343 daAuts
     D:5: 261 daAuts
     D:6: 243 daAuts
     D:4: 211 daAuts
     D:7: 16 daAuts
